 Dungeon Crawl Stone Soup version 0.26-a0-631-ged93497179 (webtiles) character file.

Game seed: 17446664337560269488

1241 Steinvaildir the Digger (level 8, -5/41 HPs)
             Began as a Gargoyle Earth Elementalist on Sept 13, 2020.
             Slain by a cyclops (31 damage)
             ... on level 6 of the Dungeon.
             The game lasted 00:12:34 (6213 turns).

Steinvaildir the Digger (GrEE)                      Turns: 6213, Time: 00:12:35

Health: -5/41      AC:  8    Str: 12    XL:     8   Next: 49%
Magic:  1/16       EV: 12    Int: 18    God:
Gold:   280        SH:  0    Dex: 10    Spells: 7/18 levels left

rFire    . . .     SeeInvis .   a - +1 mace
rCold    . . .     Faith    .   (no shield)
rNeg     + . .     Spirit   .   c - +1 robe
rPois    ∞         Reflect  .   (no helmet)
rElec    +         Harm     .   (no cloak)
rCorr    .         Rampage  .   (no gloves)
MR       .....                  (no boots)
Stlth    ++........             (no amulet)
HPRegen  0.13/turn              (no ring)
MPRegen  0.15/turn              (no ring)

@: mighty, very slightly contaminated, hasted, very quick
A: negative energy resistance 1, electricity resistance, unbreathing,
petrification resistance, rot immunity, AC +5
a: no special abilities


You were on level 6 of the Dungeon.
You visited 1 branch of the dungeon, and saw 6 of its levels.

You collected 280 gold pieces.

Inventory:

Hand Weapons
 a - a +1 mace (weapon)
Missiles
 b - 111 stones (quivered)
Armour
 c - a +1 robe (worn)
 o - a +1 pair of boots
Wands
 l - a wand of polymorph (6)
Scrolls
 d - a scroll of magic mapping
 e - a scroll of remove curse
 g - 2 scrolls of amnesia
 k - a scroll of blinking
 n - a scroll of enchant armour
Potions
 h - 3 potions of flight
 m - a potion of haste


   Skills:
 - Level 1.5 Dodging
 - Level 2.1 Stealth
 + Level 5.7 Spellcasting
 + Level 5.8 Conjurations
 - Level 0.7 Transmutations
 + Level 7.9 Earth Magic


You had 7 spell levels left.
You knew the following spells:

 Your Spells              Type           Power        Failure   Level
a - Sandblast             Erth           ####..       1%          1
b - Stone Arrow           Conj/Erth      ####..       2%          3
c - Lee's Rapid Deconstr  Erth           ####......   13%         5
d - Passwall              Tmut/Erth      ###.....     3%          2

Your spell library contained the following spells:

 Spells                   Type           Power        Failure   Level
 Beastly Appendage        Tmut           #.....       10%         1
 Wereblood                Tmut           #.......     14%         2
 Petrify                  Tmut/Erth      ###.....     21%         4
 Spider Form              Tmut/Pois      #.........   32%         3
 Ice Form                 Ice/Tmut       #.......     71%         4
 Blade Hands              Tmut           #.........   95%         5


Dungeon Overview and Level Annotations

Branches:
Dungeon (6/15)             Temple (0/1) D:5

Altars:
Cheibriados
Makhleb
Ru

Shops:
D:6 [(*


Innate Abilities, Weirdness & Mutations

You are resistant to torment.
Your stone body is resilient. (AC +5)
You are immune to poison.
You resist negative energy. (rN+)
You are resistant to electric shocks. (rElec)
You can survive without breathing.
You are immune to petrification.
You are immune to rotting.


Message History

Unknown command.
You sock the cyclops!
The cyclops is severely wounded.
The howler monkey barely misses you.
An ice beast comes into view.
The cyclops hits you!!
Ouch! That really hurt!
The howler monkey completely misses you.
You hit the cyclops.
The cyclops is almost dead.
The cyclops misses you. The howler monkey misses you.
Unknown command.
You feel better.
Okay, then.
Unknown command.
You hit the cyclops.
The cyclops is almost dead.
The howler monkey barely misses you. The cyclops hits you!!
Ouch! That really hurt!
You die...

############
#.....##...##
#8..........##
####............#
#.8.∩.8.........# .
#.##@h..........#
..###.##8C$........#
......#oo#Y.).)†...#
.......oo.##)#####.######
..#.......#..# #.......
##..........# ##......
####.###.#.#####......
#.. ..#............
##....##...........


You could see a cyclops, an ice beast, a howler monkey, an orc wizard and 3
orcs.

Vanquished Creatures
  Eustachio (D:4)
  4 ogres
  3 howler monkeys
  A jelly (D:5)
  A bullfrog skeleton (D:4)
  2 hounds (D:4)
  An orc priest (D:6)
  5 orc wizards
  An iguana (D:5)
  5 worker ants
  2 hound skeletons (D:4)
  3 gnolls (D:4)
  5 adders
  A shadow imp (D:5)
  A white imp (D:6)
  An ufetubus (D:6)
  An ooze (D:3)
  An adder zombie (D:6)
  3 dart slugs
  4 leopard geckos
  13 orcs
  4 giant cockroaches
  3 goblins
  7 hobgoblins
  3 jackals (D:1)
  4 quokkas
  A ball python (D:4)
  4 bats
  3 frilled lizards
  5 kobolds
  5 rats
98 creatures vanquished.

Notes
Turn   | Place    | Note
-------+----------+-------------------------------------------
     0 | D:1      | Steinvaildir the Gargoyle Earth Elementalist began the
                  | quest for the Orb.
     0 | D:1      | Reached XP level 1. HP: 10/10 MP: 3/3
   372 | D:1      | Reached XP level 2. HP: 15/15 MP: 5/5
   394 | D:1      | Reached skill level 4 in Earth Magic
  1096 | D:1      | Reached XP level 3. HP: 11/19 MP: 6/6
  1101 | D:1      | Learned a level 3 spell: Stone Arrow
  1548 | D:2      | Reached skill level 1 in Conjurations
  1673 | D:2      | Reached XP level 4. HP: 18/24 MP: 8/8
  2168 | D:2      | Found a snail-covered altar of Cheibriados.
  3031 | D:3      | Found a burning altar of Makhleb.
  3194 | D:4      | Reached skill level 5 in Earth Magic
  3194 | D:4      | Reached XP level 5. HP: 28/28 MP: 5/9
  3281 | D:4      | Learned a level 5 spell: Lee's Rapid Deconstruction
  3470 | D:4      | Noticed an ogre
  3921 | D:4      | Reached XP level 6. HP: 32/32 MP: 8/11
  4010 | D:4      | Noticed Eustachio
  4266 | D:4      | Killed Eustachio
  4266 | D:4      | Reached skill level 6 in Earth Magic
  4266 | D:4      | Reached XP level 7. HP: 11/36 MP: 0/13
  4945 | D:5      | Entered Level 5 of the Dungeon
  5044 | D:5      | Found a sacrificial altar of Ru.
  5086 | D:5      | Found a staircase to the Ecumenical Temple.
  5104 | D:5      | Reached skill level 7 in Earth Magic
  5120 | D:5      | Reached skill level 5 in Spellcasting
  5292 | D:5      | Learned a level 2 spell: Passwall
  5374 | D:5      | Reached skill level 5 in Conjurations
  5374 | D:5      | Reached XP level 8. HP: 41/41 MP: 5/15
  6038 | D:6      | Found Hadghoreu's Antique Weapon Emporium.
  6051 | D:6      | Found Wyiwecwu's General Store.
  6157 | D:6      | Found Nujyem's Armour Boutique.
  6187 | D:6      | Noticed a cyclops
  6213 | D:6      | Slain by a cyclops

Illustrated notes

Levels and vault maps discovered:
D:1:      dpeg_arrival_renting, layout_rooms, minmay_misc_feat_room,
          minmay_tree_intersection
D:2:      layout_loops_ring, kennysheep_slug_shrine, grunt_ministairs_3
D:3:      layout_basic, marbit_many_paths
D:4:      minmay_chambers_of_twos, layout_rooms, uniq_eustachio
D:5:      layout_gridville, minmay_temple_entry_from_below_b,
          kennysheep_flooded_box, nicolae_ru_the_path_less_chosen
D:6:      layout_rooms, serial_shops, shop, shop, nicolae_shop_statue_plus,
          minmay_manual_moon

Skill      XL: |  1  2  3  4  5  6  7 |
---------------+----------------------+-----
Earth Magic    | 4 5 6 7 |  7.9
Conjurations   | 1 2 3 5 |  5.8
Spellcasting   | 3 4 5 |  5.7
Dodging        | |  1.5
Stealth        | |  2.1
Transmutations | |  0.7

Action                   |  1- 3 |  4- 6 |  7- 9 || total
-------------------------+-------+-------+-------++-------
Melee: Mace              |    73 |    80 |    75 ||   228
 Cast: Sandblast         |     7 |    30 |    61 ||    98
       Stone Arrow       |       |     2 |    10 ||    12
       Lee's Rapid Decon |       |     1 |     1 ||     2
  Use: Scroll            |       |    11 |     4 ||    15
       Potion            |       |       |     6 ||     6
 Stab: Sleeping          |     3 |     7 |       ||    10
       Distracted        |     1 |       |       ||     1
Armor: Robe              |    28 |    60 |    37 ||   125
Dodge: Dodged            |    74 |   100 |    96 ||   270

Table legend: (Time is in decaauts)
 A = Elapsed time spent in this place.
 B = Non-inter-level travel time spent in this place.
 C = Inter-level travel time spent in this place.
 D = Time resting spent in this place.
 E = Time spent auto-exploring this place.
 F = Levels seen in this place.
 G = Mean time per level.
                   A        B        C        D        E       F      G
               +--------+--------+--------+--------+--------+-----+--------+
         Total |   6301 |   6150 |    151 |   1713 |   3410 |   6 | 1050.2 |
       Dungeon |   6301 |   6150 |    151 |   1713 |   3410 |   6 | 1050.2 |
               +--------+--------+--------+--------+--------+-----+--------+

Top non-repeatable levels by time:
     D:4: 1484 daAuts
     D:1: 1338 daAuts
     D:3: 1103 daAuts
     D:2: 1091 daAuts
     D:5: 972 daAuts
     D:6: 311 daAuts
